 Dungeon Crawl Stone Soup version 0.30-a0-310-g7d6cbdfea6 (webtiles) character file.

Game seed: 15650400204607103028

74361 hikkokomori the Summoner (level 14, -1/124 HPs)
             Began as a Demigod Summoner on Oct 25, 2022.
             Killed from afar by a frost giant (22 damage)
             ... with a bolt of cold
             ... on level 15 of the Dungeon.
             The game lasted 01:53:02 (24446 turns).

hikkokomori the Summoner (Demigod Summoner)        Turns: 24446, Time: 01:53:02

Health: -1/124     AC: 15    Str:  9    XL:     14   Next: 64%
Magic:  21/31      EV: 13    Int: 32    God:
Gold:   919        SH: 12    Dex: 18    Spells: 5/31 levels left

rFire   + + +      SeeInvis .    I - +6 hand axe of the Old World {holy, rPois rF+ Will+ Int+3}
rCold   + . .      Faith    .    f - +1 buckler
rNeg    . . .      Spirit   .    c - +0 troll leather armour
rPois   +          Reflect  +    Q - +0 helmet
rElec   .          Harm     .    e - scarf {rC+ rF+}
rCorr   .          Rampage  .    J - +0 pair of gloves
Will    ++...                    S - +0 pair of boots
Stlth   ++........               h - amulet of reflection
HPRegen 1.20/turn                q - ring "Caav" {rF+ AC+4}
MPRegen 0.22/turn                P - +4 ring of protection

@: no status effects
A: high MP 1, forlorn, divine attributes
a: no special abilities


You were on level 15 of the Dungeon.
You visited 2 branches of the dungeon, and saw 20 of its levels.
You visited 1 bazaar.
You also visited: Volcano.

You collected 2073 gold pieces.
You spent 1154 gold pieces at shops.

Inventory:

Hand Weapons
 A - a +2 trident of freezing
 I - the +6 hand axe of the Old World (weapon) {holy, rPois rF+ Will+ Int+3}
   (You found it on level 6 of the Dungeon)

   It has been blessed by the Shining One to cause great damage to the undead
   and demons.
   Int:       It affects your intelligence (+3).
   rF:        It protects you from fire.
   rPois:     It protects you from poison.
   Will:      It increases your willpower.
 O - the +9 staff of Wucad Mu {*channel}
   (You acquired it on level 7 of the Dungeon)

   It occasionally powers its wielder's spells, but with a chance of causing
   confusion or draining the wielder's intelligence.
   It becomes more likely to activate and less likely to backfire with increased
   Evocations skill.
 Z - a +1 hand crossbow of flaming
Missiles
 R - 9 silver javelins
Armour
 c - a +0 troll leather armour (worn)
 e - a scarf of resistance (worn)
 f - a +1 buckler (worn)
 J - a +0 pair of gloves (worn)
 M - a +1 robe of resistance
 Q - a +0 helmet (worn)
 S - a +0 pair of boots (worn)
Jewellery
 h - an amulet of reflection (around neck)
 q - the ring "Caav" (left hand) {rF+ AC+4}
   (You found it on level 3 of the Dungeon)

   [ring of protection]

   AC:        It affects your AC (+4).
   rF:        It protects you from fire.
 v - a ring of protection from cold
 z - a ring of poison resistance
 H - a ring of willpower
 N - the ring "Muammyt" {rC+ Int+5 Stlth-}
   (You acquired it on level 7 of the Dungeon)

   [ring of protection from cold]

   Int:       It affects your intelligence (+5).
   rC:        It protects you from cold.
   Stlth:     It makes you less stealthy.
 P - a +4 ring of protection (right hand)
Wands
 d - a wand of iceblast (22)
 u - a wand of charming (4)
 y - a wand of polymorph (16)
 C - a wand of flame (19)
 G - a wand of quicksilver (11)
 X - a wand of mindburst (3)
Scrolls
 g - 5 scrolls of enchant weapon
 j - 15 scrolls of teleportation
 k - 3 scrolls of magic mapping
 l - 3 scrolls of immolation
 n - 3 scrolls of enchant armour
 o - 2 scrolls of blinking
 p - a scroll of summoning
 s - a scroll of acquirement
 w - 2 scrolls of brand weapon
 D - 2 scrolls of amnesia
 K - 10 scrolls of fog
 V - 13 scrolls of identify
 Y - a scroll of fear
Potions
 a - 4 potions of haste
 b - 2 potions of magic
 i - 2 potions of resistance
 m - 8 potions of heal wounds
 r - 4 potions of flight
 t - 5 potions of mutation
 B - 3 potions of berserk rage
 E - 8 potions of curing
 F - 5 potions of brilliance
 L - 10 potions of ambrosia
 U - 5 potions of might
Miscellaneous
 x - a tin of tremorstones (2/2)
 T - a phantom mirror
 W - a condenser vane


   Skills:
 - Level 11.5 Fighting
 + Level 4.7 Dodging
 - Level 1.7 Stealth
 - Level 5.6 Shields
 + Level 9.2 Spellcasting
 + Level 13.9 Summonings
 + Level 6.6 Necromancy
 - Level 6.6 Air Magic
 - Level 4.3 Earth Magic
 + Level 8.1 Evocations


You had 5 spell levels left.
You knew the following spells:

 Your Spells              Type           Power      Damage    Failure   Level
a - Summon Small Mammal   Summ           100%       N/A       1%          1
b - Call Imp              Summ           81%        N/A       1%          2
c - Call Canine Familiar  Summ           81%        N/A       1%          3
d - Summon Lightning Spi  Summ/Air       69%        N/A       1%          4
e - Airstrike             Air            27%        2d(4-20)  3%          4
f - Summon Guardian Gole  Hex/Summ       56%        N/A       1%          3
g - Borgnjor's Vile Clut  Necr/Erth      25%        N/A       17%         5
h - Passwall              Tmut/Erth      23%        N/A       3%          2
i - Blink                 Tloc           28%        N/A       9%          2

Your spell library contained the following spells:

 Spells                   Type           Power      Damage    Failure   Level
 Sandblast                Erth           84%        2d18      1%          1
 Cigotuvi's Dreadful Rot  Necr/Pois/Air  86%        N/A       1%          2
 Static Discharge         Conj/Air       72%        2-5/arc   2%          2
 Dispel Undead            Necr           55%        3d20      3%          4
 Summon Ice Beast         Ice/Summ       56%        N/A       3%          4
 Vhi's Electric Charge    Tloc/Air       72%        N/A       4%          3
 Foxfire                  Conj/Fire      56%        2x1d6     6%          1
 Kindle Blastsparks       Fire/Tloc/Air  56%        2d14      7%          3
 Stone Arrow              Conj/Erth      56%        3d10      7%          3
 Summon Mana Viper        Hex/Summ       56%        N/A       10%         5
 Gell's Gravitas          Tloc           14%        N/A       19%         3
 Ignite Poison            Fire/Tmut/Pois 14%        N/A       19%         3
 Lesser Beckoning         Tloc           28%        N/A       19%         3
 Ozocubu's Armour         Ice            14%        N/A       19%         3
 Portal Projectile        Hex/Tloc       28%        N/A       19%         3
 Teleport Other           Tloc           14%        N/A       19%         3
 Tukima's Dance           Hex            14%        N/A       19%         3
 Leda's Liquefaction      Hex/Erth       14%        N/A       24%         4
 Lee's Rapid Deconstruct  Erth           21%        3d12*     26%         5
 Arcjolt                  Conj/Air       18%        1d28      38%         5
 Lightning Bolt           Conj/Air       18%        1d32      38%         5
 Manifold Assault         Tloc           14%        N/A       52%         4
 Sticky Flame             Conj/Fire      14%        2d4       52%         4
 Freezing Cloud           Conj/Ice/Air   14%        6-21      54%         5
 Alistair's Intoxication  Tmut/Pois      9%         N/A       86%         5
 Blade Hands              Tmut           7%         N/A       86%         5
 Fireball                 Conj/Fire      7%         3d5       86%         5
 Metabolic Englaciation   Hex/Ice        7%         N/A       86%         5
 Monstrous Menagerie      Summ           40%        N/A       17%         7
 Death Channel            Necr           27%        N/A       52%         6
 Simulacrum               Ice/Necr       18%        N/A       93%         6
 Spellforged Servitor     Conj/Summ      28%        N/A       96%         7
 Statue Form              Tmut/Erth      18%        N/A       98%         6
 Eringya's Noxious Bog    Tmut/Pois      7%         N/A       100%        6
 Starburst                Conj/Fire      7%         6d4       100%        6
 Orb of Destruction       Conj           7%         9d6       100%        7
 Storm Form               Tmut/Air       18%        N/A       100%        7
 Ignition                 Fire           7%         3d4       100%        8


Dungeon Overview and Level Annotations

Branches:
Dungeon (15/15)            Temple (0/1) D:7            Lair (5/5) D:9
  Swamp (0/4) Lair:3       Spider (0/4) Lair:2        Slime (0/5) Lair:5
    Orc (0/2) D:11         Vaults (0/5) D:14         Depths (0/4) D:15
Volcano (visited)

Shops:
D:5 [   D:11 [(   D:13 :

Annotations:
D:2 1 runed translucent door, Crazy Yiuf


Innate Abilities, Weirdness & Mutations

You have an increased reservoir of magic. (+10% MP)
You shall have no god before yourself.
Your divine heritage dramatically boosts your attributes as you level up.


Message History

Aim: a frost giant, wielding a +2 battleaxe of freezing (severely wounded, not watching you, ally target, 98% to hit)
The puff of flame hits the frost giant.
The frost giant is severely wounded.
The frost giant points at you and mumbles some strange words.
The bolt of cold hits you!! You resist.
The tengu warrior shoots an arrow.
You reflect the arrow off an invisible shield around you!
The arrow hits the tengu warrior!
Unknown command.
Aiming: Throw Flame
Press: ? - help, Shift-Dir - straight line, f/p - frost giant
Aim: a frost giant, wielding a +2 battleaxe of freezing (severely wounded, ally target, 98% to hit)
The puff of flame hits the frost giant.
The frost giant is severely wounded.
Your lightning spire disappears in a puff of smoke!
The tengu warrior shoots an arrow.
The arrow hits you!
* * * LOW HITPOINT WARNING * * *
You swap places.
Found a staircase to the Depths.
The tengu warrior shoots an arrow.
The arrow hits your iron imp!
Okay, then.
Your iron imp completely misses the frost giant.
The frost giant hits your iron imp with a +2 battleaxe of freezing.
The frost giant hits your guardian golem with a +2 battleaxe of freezing!
The frost giant freezes your guardian golem.
The tengu warrior shoots an arrow.
The arrow hits your iron imp!!
Your iron imp dies!
Your iron imp disappears in a puff of smoke!
Your guardian golem overheats!
There is an open door here.
Unknown command.
Casting: Call Imp (safe; 1% risk of failure)
Confirm with . or Enter, or press ? or * to list all spells.
An electric hum fills the air.
The frost giant casts a spell at you. The bolt of cold hits you! You resist.
* * * LOW HITPOINT WARNING * * *
The bolt of cold hits your lightning spire!
Your lightning spire resists.
The frost giant points at you and mumbles some strange words.
The bolt of cold hits you!! You resist.
You die...

#####........#.....#
#........#.....#
#........#...#.#
#........#..##.#
##########...#### ..
# ......≈≈#..^..<#
...
#'###≈≈≈#.≈#....###
... ...#......#8...#
.(. >.'..≈##.'@####
#...C..###
#'###≈≈≈#9≈#
#..).....≈≈#
############


You could see a frost giant (ally target), a friendly guardian golem (summoned,
inner flame) and a friendly lightning spire (summoned, sheltered).

Vanquished Creatures
  Nessos (Lair:5)
  A centaur warrior (D:15)
  2 hydras
  A dancing weapon (D:14)
  A tengu warrior (D:15)
  Sonja (D:11)
  An anaconda skeleton (Volcano)
  3 elephants
  A cane toad (Lair:3)
  A gargoyle (D:12)
  2 tengu conjurers (D:15)
  2 meliai (D:14)
  A slime creature (D:13)
  Grinder (D:6)
  2 blink frogs (Lair:5)
  A flying skull (Volcano)
  A shadow (D:12)
  5 yaks
  A water elemental (D:14)
  3 wyverns
  A steam dragon (D:8)
  A basilisk (D:11)
  A vampire mosquito (D:11)
  5 water moccasins
  A black bear (D:6)
  An ice beast (D:5)
  8 centaurs
  A wolf (Lair:4)
  A kobold brigand (D:11)
  A phantom (D:7)
  4 bullfrogs
  A scorpion (D:5)
  A wight (D:7)
  8 killer bees
  2 electric eels
  2 spriggan skeletons (Volcano)
  A lava snake (D:13)
  An orc priest (D:3)
  A hound (D:5)
  A jelly (D:5)
  3 iguanas
  Terence (D:3)
  5 orc wizards (D:7)
  4 hell rats (Lair:2)
  A naga skeleton (Volcano)
  4 adders
  3 gnolls (D:11)
  A white imp (D:6)
  9 orcs
  An endoplasm (D:2)
  3 giant cockroaches
  4 goblins
  A hobgoblin (D:4)
  4 jackals
  A quokka (D:3)
  5 ball pythons
  6 bats
  A frilled lizard (D:3)
  4 kobolds
  5 rats
141 creatures vanquished.

Vanquished Creatures (collateral kills)
  3 hydras
  2 catoblepae
  2 centaur warriors
  4 boulder beetles
  3 two-headed ogres
  A deep troll shaman (Lair:5)
  6 death yaks (Lair:5)
  A tengu warrior (D:15)
  4 slime creatures
  An orc knight (D:14)
  A deep elf pyromancer (D:15)
  2 oklob plants
  3 manticores
  2 cyclopes
  9 ugly things (D:14)
  Joseph (D:7)
  12 elephants
  3 black mambas
  9 cane toads
  5 gargoyles
  An unseen horror (D:12)
  A rime drake (Lair:4)
  Psyche (D:11)
  A kobold demonologist (D:9)
  5 komodo dragons
  An efreet (D:15)
  3 polar bears
  4 meliai
  A queen bee (Lair:4)
  A troll (D:10)
  A hornet (D:11)
  7 blink frogs
  2 flying skulls (Volcano)
  2 shadows
  A jumping spider (Lair:2)
  2 vampires (D:12)
  A culicivora (shapeshifter) (D:13)
  2 alligator skeletons (Volcano)
  3 wraiths
  15 yaks
  2 basilisks (Lair:5)
  4 wyverns
  A fire elemental (D:13)
  3 vampire mosquitoes
  A redback simulacrum (D:15)
  3 swamp worms (Lair:3)
  6 water moccasins
  5 black bears
  5 orc warriors
  2 sky beasts (D:8)
  2 ogres (D:6)
  11 wolves
  5 centaurs
  2 phantoms
  3 kobold brigands
  5 bullfrogs
  A gnoll sergeant (D:11)
  3 scorpions
  6 wights (D:7)
  29 killer bees
  A howler monkey (D:4)
  A lava snake (D:13)
  A hound (D:7)
  7 orc priests
  An iguana (D:4)
  Ijyb (D:3)
  9 orc wizards
  A hell rat (Lair:2)
  2 naga skeletons (Volcano)
  10 gnolls
  8 adders
  2 ufetubi (D:4)
  2 dart slugs
  16 orcs
  6 bats
  6 endoplasms
  A giant cockroach (D:1)
  4 goblins
  2 hobgoblins
  7 jackals
  7 kobolds
  A quokka (D:1)
  A ball python (D:1)
  3 rats
  A butterfly (Lair:2)
329 creatures vanquished.

Vanquished Creatures (others)
  The ghost of ChongLi the Basher, a journeyman HuFi of Zin (Lair:5)
  3 hydras
  A centaur warrior (D:15)
  A death yak (Lair:5)
  2 skeletal warriors (Volcano)
  An anaconda skeleton (Volcano)
  A deep elf pyromancer (D:12)
  2 ugly things
  4 elephants
  A black mamba (Lair:2)
  2 gargoyles
  2 cane toads
  An unseen horror (D:12)
  A kobold demonologist (D:11)
  A troll (D:14)
  A blink frog (Lair:4)
  3 slime creatures
  An alligator skeleton (Volcano)
  2 vampires (D:12)
  6 yaks
  A vampire mosquito (D:13)
  4 wolves (Lair:2)
  A phantom (D:12)
  A kobold brigand (D:11)
  A spriggan skeleton (Volcano)
  An orc priest (D:14)
  An orc wizard (D:14)
  An orc (D:14)
  3 kobolds (D:11)
  43 fungi
  55 plants
149 creatures vanquished.

Grand Total: 619 creatures vanquished

Notes
Turn   | Place    | Note
-------+----------+-------------------------------------------
     0 | D:1      | hikkokomori the Demigod Summoner began the quest for the
                  | Orb.
     0 | D:1      | Reached XP level 1. HP: 14/14 MP: 5/5
   192 | D:1      | Reached XP level 2. HP: 9/22 MP: 2/7
   386 | D:1      | Reached skill level 4 in Summonings
  1142 | D:2      | Reached skill level 1 in Fighting
  1142 | D:2      | Reached XP level 3. HP: 22/28 MP: 8/8
  2064 | D:2      | Reached XP level 4. HP: 33/35 MP: 10/10
  2201 | D:2      | Found a runed translucent door.
  2202 | D:2      | Noticed Crazy Yiuf
  2519 | D:3      | Identified the ring "Caav" {rF+ AC+4}
  2519 | D:3      | Noticed Ijyb
  2545 | D:3      | HP: 1/35 [Ijyb/+0 club (2)]
  2552 | D:3      | Killed Ijyb
  2553 | D:3      | Reached skill level 1 in Shields
  2730 | D:3      | Learned a level 2 spell: Call Imp
  2734 | D:3      | Learned a level 3 spell: Call Canine Familiar
  2766 | D:3      | Noticed Terence
  2785 | D:3      | Killed Terence
  2806 | D:3      | Reached XP level 5. HP: 5/41 MP: 2/11
  3233 | D:4      | Identified the +2 plate armour "Juemmit" {Drain rCorr
                  | Str+3}
  3281 | D:4      | Reached skill level 5 in Summonings
  4114 | D:4      | Reached XP level 6. HP: 40/50 MP: 7/12
  4206 | D:5      | Entered Level 5 of the Dungeon
  4614 | D:5      | Found Garayfar's Antique Armour Boutique.
  5023 | D:5      | Reached skill level 6 in Summonings
  5023 | D:5      | Reached XP level 7. HP: 56/57 MP: 14/14
  5700 | D:6      | Learned a level 4 spell: Summon Lightning Spire
  5933 | D:6      | Noticed Grinder
  5955 | D:6      | Reached skill level 1 in Air Magic
  5977 | D:6      | Killed Grinder
  5997 | D:6      | Reached XP level 8. HP: 55/66 MP: 2/16
  6519 | D:6      | Identified the +6 hand axe of the Old World {holy, rPois
                  | rF+ Will+ Int+3}
  6835 | D:6      | Reached skill level 7 in Summonings
  7328 | D:7      | Reached skill level 5 in Fighting
  7332 | D:7      | Reached skill level 5 in Shields
  7355 | D:7      | Reached XP level 9. HP: 74/74 MP: 8/17
  7412 | D:7      | Found a staircase to the Ecumenical Temple.
  7569 | D:7      | Noticed Joseph
  7589 | D:7      | Killed Joseph
  8028 | D:7      | Reached skill level 8 in Summonings
  8081 | D:8      | Noticed Maurice
  8281 | D:7      | Identified 3 scrolls of acquirement
  8282 | D:7      | Acquired the ring "Muammyt" {rC+ Int+5 Stlth-}
  8286 | D:7      | Acquired the +9 staff of Wucad Mu {*channel}
  8286 | D:7      | Found the +9 staff of Wucad Mu {*channel}
  8305 | D:8      | Maurice changed into Maurice the killer bee
  8305 | D:8      | Noticed Maurice
  8312 | D:8      | Killed Maurice the killer bee
  8536 | D:8      | Reached skill level 5 in Air Magic
  8668 | D:8      | Reached skill level 1 in Evocations
  9321 | D:9      | Reached XP level 10. HP: 77/84 MP: 5/19
  9472 | D:9      | Identified the +1 ring mail of Conscience {rElec}
  9686 | D:9      | Noticed a two-headed ogre
  9699 | D:9      | Killed a two-headed ogre
  9864 | D:9      | Found a staircase to the Lair.
 10065 | D:10     | Entered Level 10 of the Dungeon
 10083 | D:10     | Reached skill level 9 in Summonings
 10084 | D:10     | Acquired a book of Storms
 10091 | D:10     | Learned a level 4 spell: Airstrike
 10337 | D:10     | Noticed a manticore
 10339 | D:10     | Found the +5 robe of Night {Dark Will+ SInv}
 10343 | D:10     | Killed a manticore
 11138 | D:11     | Noticed Sonja
 11246 | D:11     | Found a flickering gateway to a bazaar.
 11256 | Bazaar   | Entered a bazaar
 11306 | Bazaar   | Found Deysky's Magic Scroll Emporium.
 11322 | Bazaar   | Found Vuaket's Book Shoppe.
 11351 | Bazaar   | Found Juwuplung's Jewellery Emporium.
 11351 | Bazaar   | Found Raicaxzopt's General Store.
 11478 | Bazaar   | Bought a book of Beasts for 456 gold pieces
 11482 | Bazaar   | Learned a level 3 spell: Summon Guardian Golem
 11562 | Bazaar   | Bought a scroll of identify for 22 gold pieces
 11562 | Bazaar   | Bought a scroll of magic mapping for 82 gold pieces
 11562 | Bazaar   | Bought a scroll of blinking for 82 gold pieces
 11698 | D:11     | Noticed a manticore
 11712 | D:11     | Killed a manticore
 11713 | D:11     | Reached skill level 5 in Spellcasting
 11815 | D:11     | Noticed a green ugly thing
 11825 | D:11     | Killed a green ugly thing
 11896 | D:11     | Found Fimiz's Antique Armour Emporium.
 11925 | D:11     | Reached XP level 11. HP: 77/91 MP: 14/23
 11947 | D:11     | Found Tixkibagu's Weapon Shop.
 11995 | D:11     | Noticed Psyche
 11996 | D:11     | Killed Sonja
 11997 | D:11     | Reached skill level 5 in Evocations
 12017 | D:11     | Killed Psyche
 12083 | D:11     | Found a staircase to the Orcish Mines.
 12363 | Lair:1   | Entered Level 1 of the Lair of Beasts
 12494 | Lair:1   | Reached skill level 10 in Summonings
 13446 | Lair:2   | Noticed a seven-headed hydra
 13456 | Lair:2   | Killed an eight-headed hydra
 13811 | Lair:2   | Found a hole to the Spider Nest.
 13975 | Lair:2   | Noticed a catoblepas
 13981 | Lair:2   | Killed a catoblepas
 13982 | Lair:2   | Reached XP level 12. HP: 103/103 MP: 19/26
 14490 | Lair:2   | Noticed a boulder beetle
 14501 | Lair:2   | Killed a boulder beetle
 14502 | Lair:2   | Reached skill level 11 in Summonings
 15198 | Lair:3   | Found a dark tunnel.
 15217 | Volcano  | Entered a volcano
 16086 | Lair:3   | Found a staircase to the Swamp.
 17238 | Lair:4   | Reached skill level 10 in Fighting
 17239 | Lair:4   | Reached skill level 12 in Summonings
 17333 | Lair:4   | Reached XP level 13. HP: 85/113 MP: 25/29
 17436 | Lair:4   | Learned a level 5 spell: Borgnjor's Vile Clutch
 17761 | Lair:4   | Reached skill level 1 in Earth Magic
 17881 | Lair:4   | Reached skill level 1 in Necromancy
 18404 | Lair:5   | Entered Level 5 of the Lair of Beasts
 18886 | Lair:5   | Found a staircase to the Slime Pits.
 19245 | Lair:5   | Reached skill level 13 in Summonings
 19357 | Lair:5   | Noticed Nessos
 19384 | Lair:5   | Killed Nessos
 19482 | Lair:5   | Found a runed translucent gate.
 19482 | Lair:5   | Found a runed translucent gate.
 19482 | Lair:5   | Found a runed translucent gate.
 19482 | Lair:5   | Noticed ChongLi's ghost (journeyman HuFi)
 19502 | Lair:5   | Killed ChongLi's ghost
 19678 | Lair:5   | Identified the +1 plate armour of the Evening {Int+3 Dex+4
                  | Slay+3}
 20067 | D:12     | Learned a level 2 spell: Passwall
 21090 | D:12     | Reached XP level 14. HP: 122/124 MP: 15/30
 21406 | D:13     | Reached skill level 5 in Necromancy
 22089 | D:13     | Found Suces's Book Boutique.
 22095 | D:13     | Bought an Inescapable Atlas for 512 gold pieces
 22098 | D:13     | Learned a level 2 spell: Blink
 23493 | D:14     | Found a gate to the Vaults.
 23761 | D:15     | Entered Level 15 of the Dungeon
 24433 | D:15     | Noticed a frost giant
 24442 | D:15     | Found a staircase to the Depths.
 24446 | D:15     | Killed from afar by a frost giant

Illustrated notes

Levels and vault maps discovered:
D:1:      erik_arrival_blinker_ship, layout_rooms, serial_bayou,
          serial_bayou_lake_a, serial_bayou_lagoon_b, serial_bayou_pond_b,
          serial_bayou_crossing, serial_bayou_shore_b, serial_bayou_shore_b
D:2:      layout_loops_corners, dk_noncrumbling_3, kennysheep_flooded_box,
          uniq_crazy_yiuf_cottage
D:3:      layout_basic, hangedman_ru_absence, okawaru_metal_pillars_1_2,
          hellmonk_ecumenical_altar_zigzags, uniq_terence, uniq_ijyb
D:4:      layout_rooms, nicolae_uskayaw_suspiria, mainiacjoe_overflow_chevrons,
          elyvilon_altar_1, marbit_many_paths, grunt_ministairs_3,
          kennysheep_path_1
D:5:      layout_basic, kennysheep_slug_shrine, serial_shops,
          nicolae_stop_n_shop_2
D:6:      layout_loops_corners, nemelex_dance_club_becter, tso_metal_star,
          st_stairs_9, uniq_grinder
D:7:      minmay_flawed_box, layout_cave_pools, kennysheep_mini,
          minmay_temple_entry_grid, uniq_joseph
D:8:      layout_loops_ring, grunt_qazlal_clouds,
          chequers_temple_overflow_statue_of_worship, uniq_maurice
D:9:      layout_basic, mainiacjoe_overflow_boulevard, general_overflow_altar,
          mainiacjoe_overflow_concentric_impassable,
          grunt_lair_entry_orc_guard_hut, dreamdust_princess_corridor
D:10:     cheibrodos_iron_armory, layout_basic, nicolae_straight_to_the_point
D:11:     layout_basic, minmay_orc_entry_temple_small, serial_shops,
          freezing_bzr, shop, nicolae_shop_bloodbath_and_beyond, fedhas_altar_3,
          uniq_sonja, uniq_psyche
D:12:     layout_loops_corners, hangedman_batty
D:13:     layout_basic, serial_shops, shop, kennysheep_generic_room_16
D:14:     layout_loops_ring, erik_vaults_1, nicolae_sif_muna_condensation,
          minmay_orc_keep
D:15:     grunt_enter_depths_snipers, layout_irregular_city,
          grunt_dithmenos_smoke_and_mirrors, nzn_wu_jian_contemplation
Lair:1:   layout_regular_city, dpeg_stationary_puzzle
Lair:2:   layout_layer_cave, spider_nest_entry_rubble,
          chequers_serial_rivers_small_a, lemuel_fruit_fields,
          infiniplex_staircase_pool_2, serial_bayou_shore_b
Lair:3:   layout_regular_city, nicolae_swamp_entry_splash_gauntlet,
          nicolae_volcano_entry_two_sided, bh_autumn_forest_stairs,
          lemuel_fruit_fields
Lair:4:   layout_loops_ring, basic_altar, special_room [special_room_bee],
          chequers_serial_rivers_micro_c, beast_lair_carwin_11
Lair:5:   grunt_lair_end_beastmaster, layout_concentric_octagons,
          dpeg_slime_entry_corner, ebering_ghost_rock_garden, uniq_nessos

Skill      XL: |  1  2  3  4  5  6  7  8  9 10 11 12 13 14 |
---------------+-------------------------------------------+-----
Spellcasting   | 2 3 5 7 8 9 |  9.2
Summonings     | 4 5 6 7 8 9 10 12 13 | 13.9
Fighting       | 1 2 3 4 5 6 8 10 11 | 11.5
Shields        | 1 2 3 5 |  5.6
Air Magic      | 2 3 5 6 |  6.6
Evocations     | 2 4 6 8 |  8.1
Earth Magic    | 4 |  4.3
Necromancy     | 4 6 |  6.6
Dodging        | 4 |  4.7
Stealth        | |  1.7

Action                   |  1- 3 |  4- 6 |  7- 9 | 10-12 | 13-15 || total
-------------------------+-------+-------+-------+-------+-------++-------
Melee: Unarmed           |    79 |       |       |       |       ||    79
       Punch             |     4 |       |       |       |       ||     4
       Dagger            |   146 |   111 |       |       |       ||   257
       Trident           |       |    39 |    64 |       |       ||   103
       Spear             |       |     3 |       |       |       ||     3
       Hand axe          |       |       |    57 |   349 |   265 ||   671
Throw: Javelin           |       |       |     2 |       |       ||     2
 Cast: Summon Small Mamm |    32 |    23 |    19 |     4 |     1 ||    79
       Call Imp          |       |    13 |    15 |     5 |     4 ||    37
       Call Canine Famil |       |    14 |    24 |    34 |    28 ||   100
       Summon Lightning  |       |       |    20 |    62 |    79 ||   161
       Summon Guardian G |       |       |       |    27 |    50 ||    77
       Airstrike         |       |       |       |     9 |    15 ||    24
       Blink             |       |       |       |       |     4 ||     4
       Borgnjor's Vile C |       |       |       |       |     2 ||     2
Evoke: Wand              |       |     4 |     4 |       |    24 ||    32
  Use: Potion            |       |     3 |       |     2 |       ||     5
       Scroll            |       |       |     8 |    24 |     3 ||    35
 Stab: Sleeping          |     5 |     5 |     2 |       |       ||    12
       Distracted        |       |     1 |     2 |     4 |     9 ||    16
Armor: Robe              |    63 |    56 |    51 |    35 |       ||   205
       Troll leather arm |       |       |       |   194 |   174 ||   368
Dodge: Dodged            |   217 |    77 |    77 |   271 |   188 ||   830
Block: Buckler           |    28 |    37 |    31 |   177 |   224 ||   497
       Reflection        |       |       |       |       |    39 ||    39

Table legend: (Time is in decaauts)
 A = Elapsed time spent in this place.
 B = Non-inter-level travel time spent in this place.
 C = Inter-level travel time spent in this place.
 D = Time resting spent in this place.
 E = Time spent auto-exploring this place.
 F = Levels seen in this place.
 G = Mean time per level.
                   A        B        C        D        E       F      G
               +--------+--------+--------+--------+--------+-----+--------+
         Total |  24814 |  23898 |    916 |   2329 |  15210 |  22 | 1127.9 |
       Dungeon |  16766 |  16090 |    676 |   1597 |  10546 |  15 | 1117.7 |
          Lair |   6946 |   6707 |    239 |    642 |   4326 |   5 | 1389.2 |
        Bazaar |    360 |    360 |      0 |      0 |    119 |   1 |  360.0 |
       Volcano |    739 |    739 |      0 |     90 |    218 |   1 |  739.0 |
               +--------+--------+--------+--------+--------+-----+--------+

Top non-repeatable levels by time:
  Lair:2: 1699 daAuts
  Lair:4: 1671 daAuts
     D:6: 1583 daAuts
    D:14: 1451 daAuts
    D:12: 1444 daAuts
  Lair:5: 1436 daAuts
     D:2: 1399 daAuts
     D:4: 1230 daAuts
     D:5: 1178 daAuts
  Lair:1: 1167 daAuts
     D:1: 1166 daAuts
    D:10: 1087 daAuts
     D:7: 1059 daAuts
     D:8: 1005 daAuts
  Lair:3: 972 daAuts
